 Dungeon Crawl Stone Soup version 0.31.0-11-ge490571c62 (webtiles) character file.

Game seed: 6330450110698658980

53 qw the Shooter (level 3, -1/18 HPs)
             Began as a Spriggan Hunter on Feb 4, 2024.
             Succumbed to an adder's poison
             ... on level 2 of the Dungeon.
             The game lasted 00:00:03 (727 turns).

qw the Shooter (Spriggan Hunter)                     Turns: 727, Time: 00:00:04

Health: -1/18      AC:  2    Str:  7    XL:     3   Next: 62%
Magic:  4/4        EV: 19    Int: 10    God:
Gold:   190        SH:  0    Dex: 20    Spells: 2/2 levels left

rFire   . . .        a - +0 shortbow
rCold   . . .        (shield currently unavailable)
rNeg    . . .        c - +0 robe
rPois   .            (helmet restricted)
rElec   .            (no cloak)
rCorr   .            (gloves unavailable)
SInv    +            (boots unavailable)
Will    .....        (no amulet)
Stlth   ++           (no ring)
HPRegen 0.23/turn    (no ring)
MPRegen 0.09/turn

%: no passive effects
@: lethally poisoned (-1 -> -8), very quick
A: very small, no large weapons, unfitting armour, see invisible, speed 3
a: no special abilities


You were on level 2 of the Dungeon.
You visited 1 branch of the dungeon, and saw 2 of its levels.

You collected 190 gold pieces.


Innate Abilities, Weirdness & Mutations

You are very small and have problems with some larger weapons.
You are too small for most types of armour.
You have supernaturally acute eyesight. (SInv)
You cover ground extremely quickly. (Speed+++)


   Skills:
 - Level 1.5 Fighting
 + Level 4.9 Ranged Weapons
 - Level 4.0 Dodging
 - Level 1.5 Stealth


You had 2 spell levels left.
You didn't know any spells.
Your spell library was empty.

Inventory:

Hand Weapons
 a - a +0 shortbow (weapon)
Armour
 c - a +0 robe (worn)
Scrolls
 b - 3 scrolls of identify {unknown}
 e - a scroll of poison {unknown}
 j - a scroll of blinking {unknown}
Potions
 d - a potion of lignification {unknown}
 f - a potion of might {unknown}
 g - a potion of degeneration {unknown}
 h - a potion of heal wounds {unknown}
 i - a potion of magic {unknown}
 k - a potion of cancellation {unknown}

Dungeon Overview and Level Annotations

Branches:
Dungeon (2/15)

Altars:
Nemelex Xobeh

Annotations:
D:2 1 runed translucent door, Crazy Yiuf


Message History

Natasha claws you.
You shoot an arrow. The arrow hits Natasha.
Natasha is almost dead.
Natasha barely misses you.
You shoot an arrow. The arrow barely misses Natasha.
Natasha completely misses you.
Natasha stares at you and mumbles some strange words.
You resist with some effort.
You shoot an arrow. The arrow barely misses Natasha.
You hear an angry hiss.
Natasha barely misses you.
You shoot an arrow. The arrow closely misses Natasha.
An adder comes into view.
Natasha casts a spell.
Enter note: You shoot an arrow.
The arrow closely misses Natasha.
The arrow barely misses the cerulean imp.
Natasha claws you! The cerulean imp misses you.
You shoot an arrow.
The arrow hits Natasha but does no damage.
Natasha is almost dead.
Natasha misses you. The cerulean imp completely misses you.
You shoot an arrow. The arrow closely misses Natasha.
The arrow hits the cerulean imp.
The cerulean imp is moderately wounded.
Natasha closely misses you. The cerulean imp misses you.
You shoot an arrow. The arrow hits Natasha.
You kill Natasha!
Natasha yowls pathetically as she dies!
The cerulean imp disappears in a puff of smoke!
You shoot an arrow. The arrow hits the adder.
The adder is lightly wounded.
The adder misses you.
You shoot an arrow. The arrow closely misses the adder.
The adder bites you. x2
You are lethally poisoned!
The adder poisons you!
You shoot an arrow. The arrow hits the adder!
The adder is almost dead.
You die...

#..###.#####.# ##
#............# h.
#.####.####.#.. #.
#.####.###.###. #.
#.<.)..##.## # #.
#####....## #.###
#.###.# #.S.# #.#
.# ###@# #.# .#
#.######.#### .#
#...........###.##
#..##.<..........#
#####
#..##..#....####.
#)..#
#..##...##..#
#...#
#..##...##..# #.#
...
#...........####.#
#+#
#.(...........##.#


You could see an adder.

Vanquished Creatures
  Natasha (D:2)
  2 dart slugs
  3 ball pythons
  2 endoplasms
  A giant cockroach (D:1)
  A goblin (D:2)
  2 hobgoblins (D:1)
  A quokka (D:1)
  5 bats (D:1)
  2 frilled lizards (D:1)
  4 rats (D:1)
24 creatures vanquished.

Notes
Turn   | Place    | Note
-------+----------+-------------------------------------------
     0 | D:1      | qw the Spriggan Hunter began the quest for the Orb.
     0 | D:1      | Reached XP level 1. HP: 10/10 MP: 2/2
     0 | D:1      | 0 ||| qw: Version: 0.3-a-160-g6735b56
     0 | D:1      | 0 ||| qw: Game counter: 4664
     0 | D:1      | 0 ||| qw: Melee chars always use a shield: true
     0 | D:1      | 0 ||| qw: God list: Okawaru
     0 | D:1      | 0 ||| qw: Allow faded altars: false
     0 | D:1      | 0 ||| qw: Do Orc after clearing Dungeon:15 true
     0 | D:1      | 0 ||| qw: Do second Lair branch before Depths: true
     0 | D:1      | 0 ||| qw: Lair rune preference: random
     0 | D:1      | 0 ||| qw: Goals: Normal
     0 | D:1      | 0 ||| PLANNING D:1-11
    27 | D:1      | Reached skill level 3 in Dodging
   113 | D:1      | Reached XP level 2. HP: 14/14 MP: 3/3
   401 | D:1      | 401 ||| READING scroll labelled BUTECOE DEMEUZ.
   402 | D:1      | 402 ||| DROPPING scroll of butterflies.
   453 | D:2      | Found a sparkling altar of Nemelex Xobeh.
   507 | D:2      | Found a faded altar of an unknown god.
   555 | D:2      | 555 ||| FLEEEEING.
   557 | D:2      | 557 ||| FLEEEEING.
   559 | D:2      | 559 ||| FLEEEEING.
   561 | D:2      | 561 ||| FLEEEEING.
   562 | D:2      | 562 ||| FLEEEEING.
   574 | D:2      | Reached XP level 3. HP: 18/18 MP: 4/4
   666 | D:2      | Found a runed translucent door.
   667 | D:2      | Noticed Crazy Yiuf
   709 | D:2      | Noticed Natasha
   711 | D:2      | 711 ||| FLEEEEING.
   721 | D:2      | HP: 2/18 [Natasha (8)]
   724 | D:2      | Killed Natasha
   726 | D:2      | HP: 3/18 [adder (1)]
   726 | D:2      | HP: 1/18 [adder (2)]
   727 | D:2      | Succumbed to an adder's poison

Levels and vault maps discovered:
D:1:      dpeg_arrival_arbitrary_c, layout_rooms, minmay_crystal_water
D:2:      layout_loops_ring, basic_ecumenical_altar, basic_altar,
          uniq_crazy_yiuf_cottage, uniq_natasha

Skill      XL: |  1  2 |
---------------+-------+-----
Dodging        | 3 4 |  4.0
Fighting       | |  1.5
Ranged Weapons | |  4.9
Stealth        | |  1.5

Action                     || total
---------------------------++-------
   Fire: Shortbow          ||    68
    Use: Scroll            ||     1
 Armour: Robe              ||     8
  Dodge: Dodged            ||    14

Table legend:
 A = Non-vault XP
 B = Vault XP
 C = Vault XP percentage of total XP
 D = Non-vault monster count
 E = Vault monster count
 F = Vault count percentage of total count
                 A         B        C        D         E       F
            +---------+---------+-------+---------+---------+-------
      Total |      41 |      35 |  46.1 |      23 |       1 |   4.2
            +---------+---------+-------+---------+---------+-------
        D:1 |      31 |       0 |   0.0 |      19 |       0 |   0.0
        D:2 |      10 |      35 |  77.8 |       4 |       1 |  20.0
            +---------+---------+-------+---------+---------+-------
